 Dungeon Crawl Stone Soup version 0.25-a0-1079-g858b6a6ff6 (webtiles) character file.

Game seed: 7208096975687166521, levelgen mode: classic

38 Amnesiac the Skirmisher (level 3, 0/22 HPs)
             Began as a Deep Elf Fighter on May 15, 2020.
             Succumbed to an adder's poison
             ... on level 2 of the Dungeon.
             The game lasted 00:01:01 (415 turns).

Amnesiac the Skirmisher (Deep Elf Fighter)           Turns: 415, Time: 00:01:02

Health: 0/22       AC:  7    Str: 14    XL:     3   Next: 25%
Magic:  5/5        EV:  7    Int: 12    God:
Gold:   20         SH:  8    Dex: 14    Spells: 2/2 levels left

rFire    . . .     SeeInvis .   a - +0 war axe
rCold    . . .     Gourm    .   c - +0 kite shield
rNeg     . . .     Faith    .   b - +0 scale mail
rPois    .         Spirit   .   m - +0 helmet
rElec    .         Reflect  .   (no cloak)
rCorr    .         Harm     .   (no gloves)
MR       .....                  (no boots)
Stlth    ..........             j - amulet of the acrobat
HPRegen  0.07/turn              (no ring)
MPRegen  0.09/turn              (no ring)

@: brilliant, lethally poisoned (0 -> -9)
A: no striking features
a: no special abilities


You were on level 2 of the Dungeon.
You were not hungry.

You visited 1 branch of the dungeon, and saw 2 of its levels.

You collected 20 gold pieces.

Inventory:

Hand Weapons
 a - a +0 war axe (weapon)
Armour
 b - a +0 scale mail (worn)
 c - a +0 kite shield (worn)
 m - a +0 helmet (worn)
Jewellery
 e - an uncursed amulet of magic regeneration
 j - an amulet of the acrobat (around neck)
Scrolls
 g - a scroll of enchant weapon {!r, unknown}
 i - a scroll of remove curse {!r, unknown}
 l - a scroll of teleportation {!r, unknown}
Potions
 d - a potion of might {!q}
 h - a potion of brilliance {!q}
Comestibles
 f - a ration
 k - 4 chunks of flesh


   Skills:
 + Level 2.8 Fighting
 - Level 2.0 Axes
 + Level 2.7 Armour
 + Level 1.6 Dodging
 - Level 2.4 Shields


You had 2 spell levels left.
You didn't know any spells.
Your spell library was empty.

Dungeon Overview and Level Annotations

Branches:
Dungeon (2/15)

Altars:


Message History

e - an amulet of magic regeneration (around neck)
You remove your amulet of magic regeneration.
Your injuries prevent the amulet from attuning itself.
j - an amulet of the acrobat (around neck)
You start resting.
HP restored.
Your amulet attunes itself to your body.
You feel like doing cartwheels.
You butcher the hobgoblin corpse.
k - 4 chunks of flesh
Things that are here:
a +0 club; a hobgoblin skeleton
Things that are here:
a +0 club; a hobgoblin skeleton
l - a scroll labeled HASOIC JOASITA {!r}
m - a helmet You start putting on your armour.
You continue putting on your helmet. x4
You finish putting on your +0 helmet.
An adder comes into view.
You closely miss the adder. The adder bites you. The adder closely misses you.
You closely miss the adder. You block the adder's attack. x2
You block the adder's attack.
You hit the adder but do no damage. The adder barely misses you.
You slash the adder!
The adder is severely wounded.
The adder bites you but does no damage. You block the adder's attack.
Your shield and scale mail prevent you from hitting the adder.
The adder is severely wounded.
The adder bites you.
You are poisoned.
The adder poisons you! The adder bites you but does no damage.
You barely miss the adder.
The adder is severely wounded.
You feel sick. You block the adder's attack.
The adder bites you but does no damage.
You closely miss the adder.
The adder is severely wounded.
The adder bites you but does no damage. The adder bites you.
You are more poisoned.
The adder poisons you!
Your shield and scale mail prevent you from hitting the adder.
The adder is heavily wounded.
You feel sick. The adder barely misses you. The adder bites you.
You are lethally poisoned!
The adder poisons you!
You miss the adder.
The adder is heavily wounded.
* * * LOW HITPOINT WARNING * * *
You feel sick. The adder bites you.
* * * LOW HITPOINT WARNING * * *
The adder bites you.
* * * LOW HITPOINT WARNING * * *
You closely miss the adder.
The adder is heavily wounded.
* * * LOW HITPOINT WARNING * * *
You feel sick. You block the adder's attack. The adder closely misses you.
Really quaff
h - 2 cyan potions {!q}?
It was a potion of brilliance {!q}.
You feel clever all of a sudden.
* * * LOW HITPOINT WARNING * * *
You feel sick. The adder bites you.
* * * LOW HITPOINT WARNING * * *
You hit the adder.
You kill the adder!
You die...

#...............#
#............(..#
#.......#########
#######.......#
..............#
..............#
..............#
........#######
.......@#
.......†#
........#
........#
........#
........#
........#
........#
#########


There were no monsters in sight!

Vanquished Creatures
  A centaur skeleton (D:2)
  An adder (D:2)
  A hobgoblin (D:2)
  A bat (D:1)
4 creatures vanquished.

Notes
Turn   | Place    | Note
-------+----------+-------------------------------------------
     0 | D:1      | Amnesiac the Deep Elf Fighter began the quest for the Orb.
     0 | D:1      | Reached XP level 1. HP: 13/13 MP: 3/3
   326 | D:2      | Reached skill level 1 in Dodging
   326 | D:2      | Reached XP level 2. HP: 15/18 MP: 4/4
   335 | D:2      | Reached XP level 3. HP: 19/22 MP: 5/5
   414 | D:2      | HP: 1/22 [adder (2)]
   415 | D:2      | Succumbed to an adder's poison

Illustrated notes

Levels and vault maps discovered:
D:1:      dpeg_arrival_stone_temple_mockup, layout_basic
D:2:      layout_basic, okawaru_trees_2, uniq_robin

Skill      XL: |  1 |
---------------+----+-----
Axes           | 2 |  2.0
Dodging        | 1 |  1.6
Fighting       | |  2.8
Armour         | |  2.7
Shields        | |  2.4

Action                   || total
-------------------------++-------
Melee: War axe           ||    17
  Use: Potion            ||     1
Armor: Scale mail        ||     5
Dodge: Dodged            ||     6
Block: Kite shield       ||    11

Table legend:
 A = Non-vault XP
 B = Vault XP
 C = Vault XP percentage of total XP
 D = Non-vault monster count
 E = Vault monster count
 F = Vault count percentage of total count
                 A         B        C        D         E       F
            +---------+---------+-------+---------+---------+-------
      Total |      55 |       0 |   0.0 |       4 |       0 |   0.0
            +---------+---------+-------+---------+---------+-------
        D:1 |       1 |       0 |   0.0 |       1 |       0 |   0.0
        D:2 |      54 |       0 |   0.0 |       3 |       0 |   0.0
            +---------+---------+-------+---------+---------+-------
